 Dungeon Crawl Stone Soup version 0.31-a0-1-g4198be8af4 (webtiles) character file.

Game seed: 2546904110185062589

485 Mesmaeker13 the Insei (level 7, -3/45 (47) HPs)
             Began as an Octopode Transmuter on May 1, 2023.
             Was a Follower of Wu Jian.
             Slain by an ogre
             ... wielding a +0 giant club
              (18 damage)
             ... on level 4 of the Dungeon.
             The game lasted 00:06:11 (3717 turns).

Mesmaeker13 the Insei (Octopode Transmuter)         Turns: 3717, Time: 00:06:12

HP:   -3/45 (47)    AC:  1    Str:  9    XL:     7   Next: 13%
MP:   9/10          EV: 13    Int: 17    God:    Wu Jian [*.....]
Gold: 116           SH:  0    Dex: 13    Spells: 3/10 levels left

rFire   . .          .
                       - Unarmed
rCold   . . .        (no shield)
rNeg    . . .        (helmet currently unavailable)
rPois   .            (no amulet)
rElec   .            (no ring)
rCorr   .            (no ring)
SInv    .            (no ring)
Will    .....        (no ring)
Stlth   ++           (no ring)
HPRegen 0.27/turn    (no ring)
MPRegen 0.12/turn    (no ring)
                     (no ring)

%: no passive effects
@: appendages, lightly drained
A: tentacle spike 3, almost no armour, amphibious, 8 rings, camouflage 1,
gelatinous body 1, (nimble swimmer 1), tentacles
a: End Transformation, Renounce Religion


You were on level 4 of the Dungeon.
You worshipped Wu Jian.
Wu Jian was aware of your devotion.
One of your tentacles had grown a beastly spike.
You visited 2 branches of the dungeon, and saw 5 of its levels.
You also visited: Sewer.

You collected 116 gold pieces.

Inventory:

Missiles
 i - 14 poisoned darts (quivered)
Scrolls
 b - a scroll of noise {unknown}
 g - 4 scrolls of teleportation
 h - 2 scrolls of blinking {unknown}
 l - 2 scrolls of amnesia
 m - a scroll of fog {unknown}
 o - a scroll of enchant armour
 s - a scroll of magic mapping {unknown}
Potions
 a - a potion of flight {unknown}
 c - 3 potions of heal wounds {unknown}
 e - 2 potions of ambrosia {unknown}
 f - a potion of attraction {unknown}
 j - 2 potions of curing
 k - 2 potions of cancellation
 p - 4 potions of might {unknown}
 q - a potion of invisibility {unknown}


   Skills:
 + Level 3.7 Fighting
 - Level 2.0 Dodging
 + Level 4.7 Unarmed Combat
 - Level 2.0 Spellcasting
 + Level 4.2 Transmutations
 + Level 2.7 Ice Magic


You had 3 spell levels left.
You knew the following spells:

 Your Spells              Type           Power      Damage    Failure   Level
a - Beastly Appendage     Tmut           32%        N/A       3%          1
b - Wereblood             Tmut           16%        N/A       5%          2
c - Ice Form              Ice/Tmut       13%        N/A       41%         4

Your spell library contained the following spells:

 Spells                   Type           Power      Damage    Failure   Level
 Slow                     Hex            4%         N/A       19%         1
 Spider Form              Tmut/Pois      8%         N/A       24%         3
 Confusing Touch          Hex            1%         N/A       50%         3
 Vampiric Draining        Necr           1%         2d6       50%         3


Dungeon Overview and Level Annotations

Branches:
Dungeon (4/15)             Temple (1/1) D:4           Sewer (visited)

Altars:
Ashenzari
Cheibriados
Dithmenos
Elyvilon
Fedhas
Gozag
Hepliaklqana
Kikubaaqudgha
Makhleb
Nemelex Xobeh
Okawaru
Qazlal
Ru
Sif Muna
Trog
Vehumet
Wu Jian
Xom
Yredelemnul
The Shining One


Innate Abilities, Weirdness & Mutations

One of your tentacles has grown a beastly spike.
You cannot wear most types of armour.
You are amphibious.
You can wear up to eight rings at the same time.
Your skin changes colour to match your surroundings (Stealth+).
Your rubbery body absorbs attacks. (AC +1, EV +1)
((You are camouflaged when in or above water. (Stealth+)))
You have tentacles for arms and can constrict up to eight enemies at once.


Message History

Throw: throwing net
Press: ? - help, Q - select action, (/) - cycle Shift-Dir - straight line, f - ogre
Aim: an ogre, wielding a +0 giant club (73% to hit)
You throw a throwing net.
The throwing net barely misses the ogre.
Unknown command.
Throw: dart (curare)
Press: ? - help, Q - select action, (/) - cycle Shift-Dir - straight line, f/p - ogre
Aim: an ogre, wielding a +0 giant club (73% to hit)
You throw a curare-tipped dart. The curare-tipped dart hits the ogre.
The ogre is poisoned.
The ogre convulses.
The ogre seems to slow down.
The ogre is moderately wounded.
Casting: Beastly Appendage (safe; 3% risk of failure)
Confirm with . or Enter, or press ? or * to list all spells.
One of your tentacles grows a vicious spike.
You tentacle-slap the ogre.
The ogre is heavily wounded.
The ogre misses you.
The endoplasm hits you but does no damage.
You tentacle-slap the ogre. You squeeze the ogre.
The ogre is severely wounded.
You tentacle-slap the ogre but do no damage.
You pierce the ogre, but do no damage.
The ogre is severely wounded.
The endoplasm closely misses you.
The ogre hits you with a +0 giant club!!
Ouch! That really hurt!
You tentacle-slap the ogre.
Your tentacle spike misses the ogre.
Your squeeze misses the ogre.
The ogre is severely wounded.
The endoplasm hits you.
You barely miss the ogre.
You pierce the ogre.
The ogre is almost dead.
The endoplasm closely misses you.
You tentacle-slap the ogre but do no damage.
The ogre is almost dead.
The endoplasm barely misses you.
The ogre hits you with a +0 giant club!!
You die...

#...## #....# #....#
#....# ##.>.### ##...##
.......###§§...## +#
####.####§§§.§§.## ... ##
#.###§§§§..§§§### ....
.###...§§§§§..§§§§.# .....
..##....§§§§_.§§§J§#......
........§§§...§§@O('...(..
...#.###§§§§.§§§§###......
.#.#.# ##§§§§§§§## .....
.#.#.# ##§§§§§## ....
.....# ####...## ...
.#.### #.##...# +# ##.#
#.###.## ##.#####.# #.#
##...)...# #.#


You could see an ogre (poisoned, slow) and an endoplasm.

Vanquished Creatures
  A water moccasin (D:3)
  3 kobold brigands (Sewer)
  4 adders
  3 river rats (Sewer)
  3 worms
  3 dart slugs (D:1)
  4 orcs (D:4)
  10 ball pythons
  3 bats
  14 endoplasms
  4 giant cockroaches
  6 goblins
  6 hobgoblins
  5 jackals
  2 quokkas
  A frilled lizard (D:3)
  10 kobolds
  8 rats
90 creatures vanquished.

Notes
Turn   | Place    | Note
-------+----------+-------------------------------------------
     0 | D:1      | Mesmaeker13 the Octopode Transmuter began the quest for the
                  | Orb.
     0 | D:1      | Reached XP level 1. HP: 13/13 MP: 3/3
   127 | D:1      | Reached XP level 2. HP: 13/18 MP: 3/5
   222 | D:1      | Learned a level 2 spell: Wereblood
   427 | D:1      | Reached XP level 3. HP: 8/24 MP: 3/6
  1377 | D:2      | Reached XP level 4. HP: 26/29 MP: 5/7
  1415 | D:2      | Learned a level 4 spell: Ice Form
  2133 | D:3      | Found a faded altar of an unknown god.
  2483 | D:3      | Noticed a water moccasin
  2494 | D:3      | Killed a water moccasin
  2495 | D:3      | Reached skill level 1 in Ice Magic
  2495 | D:3      | Reached XP level 5. HP: 36/36 MP: 8/8
  2869 | D:4      | Found a shadowy altar of Dithmenos.
  2948 | D:4      | Found a staircase to the Ecumenical Temple.
  2957 | D:4      | Noticed an ogre
  2960 | Temple   | Entered the Ecumenical Temple
  2997 | Temple   | Became a worshipper of the Wu Jian Council
  3098 | D:4      | Found a glowing drain.
  3107 | Sewer    | Entered a sewer
  3121 | Sewer    | Reached XP level 6. HP: 42/42 MP: 7/9
  3544 | Sewer    | Reached * piety under Wu Jian
  3551 | Sewer    | Reached XP level 7. HP: 33/45 MP: 8/10
  3717 | D:4      | Slain by an ogre

Illustrated notes

Levels and vault maps discovered:
D:1:      dpeg_arrival_round_a, layout_loops_ring, grunt_decor_fettered
D:2:      layout_basic
D:3:      layout_rooms, hellmonk_ecumenical_altar_arch_garden
D:4:      layout_loops_corners, nicolae_dithmenos_the_darkroom, temple_pool_b,
          portal_sewer_entry_d, kennysheep_generic_room_11
Temple:   hellmonk_temple_of_storms

Skill      XL: |  1  2  3  4  5  6 |
---------------+-------------------+-----
Fighting       | 2 3 |  3.7
Transmutations | 3 4 |  4.2
Unarmed Combat | 4 |  4.7
Ice Magic      | 1 2 |  2.7
Dodging        | |  2.0
Spellcasting   | |  2.0

Action                     |  1- 3 |  4- 6 |  7- 9 || total
---------------------------+-------+-------+-------++-------
  Melee: Unarmed           |    88 |   104 |     6 ||   198
         Constrict         |    22 |    28 |       ||    50
         Kick              |    30 |    43 |     2 ||    75
         Tentacles         |    15 |    13 |     1 ||    29
         Punch             |     1 |     7 |       ||     8
  Throw: Dart              |       |    10 |     1 ||    11
         Throwing net      |       |       |     1 ||     1
   Cast: Beastly Appendage |    27 |    38 |     1 ||    66
         Wereblood         |     1 |     7 |       ||     8
Ability: Lunge             |       |     5 |       ||     5
    Use: Scroll            |       |     4 |     1 ||     5
         Potion            |       |     2 |       ||     2
   Stab: Sleeping          |    10 |     6 |       ||    16
 Armour: Skin              |    11 |    15 |     1 ||    27
  Dodge: Dodged            |    42 |    41 |     4 ||    87

Table legend: (Time is in decaauts)
 A = Elapsed time spent in this place.
 B = Non-inter-level travel time spent in this place.
 C = Inter-level travel time spent in this place.
 D = Time resting spent in this place.
 E = Time spent auto-exploring this place.
 F = Levels seen in this place.
 G = Mean time per level.
                   A        B        C        D        E       F      G
               +--------+--------+--------+--------+--------+-----+--------+
         Total |   3704 |   3573 |    131 |    327 |   2364 |   6 |  617.3 |
       Dungeon |   3147 |   3024 |    123 |    281 |   2114 |   4 |  786.8 |
        Temple |     46 |     38 |      8 |      0 |     18 |   1 |   46.0 |
         Sewer |    509 |    509 |      0 |     46 |    232 |   1 |  509.0 |
               +--------+--------+--------+--------+--------+-----+--------+

Top non-repeatable levels by time:
     D:1: 1140 daAuts
     D:2: 901 daAuts
     D:3: 769 daAuts
   Sewer: 509 daAuts
     D:4: 336 daAuts
  Temple: 46 daAuts
